cohdb
Replays
Latest Replays
All Replays
Popular Replays
Top Player Replays
Match Explorer
How It Works
Community
CoH3 Stats
Reddit
Sign in to upload your games and track your stats! →
Sign in with Steam
Match 43441989
Unlisted
Match 43441989
Overview
Messages
Build Orders
End
Panzergrenadier Squad
Selects Panzerjäger Kommand Battlegroup
Selects Mine Fields
250 Light Carrier
Panzergrenadier Squad
Construct Light Support Kompanie
MG34 Team
Fire Support Elements
Combat Half-tracks
Flakvierling Half-track
Panzerjäger Mechanized Group
2.5-tonne Medical Truck
Construct Mechanized Kompanie
Selects Defensive Positions
254 Reconnaissance Tractor
Selects Tank Busters
Panzerjäger Mechanized Group
Veteran Squad Leaders
Construct Panzerarmee Kommand
Walking Stuka Rocket Launcher
2.5-tonne Medical Truck
Selects Butterfly Bomb Drop
Armored Reserves
Panzerjäger Squad
2.5-tonne Medical Truck
Selects Crew Shock Tactics
Selects Anti-tank Overwatch
2.5-tonne Medical Truck
Tiger Heavy Tank
Vehicle Survival Package
Tungsten Core Ammunition
2.5-tonne Medical Truck
ikun
马枪怪
[HAN] tetezhu
Papa Shango
Husar
SIEPACZ
0
0
Comments
sign in to comment!
No comments posted yet!